General information
- name: grudge
- type: Custom game
- host: dirtmcwordup
- saver: mata.
map: EchoIsles
- players: 5
- length: 21:23
- speed: Fast
- version: 1.21 W3XP
- replay type:

» download(84 KB)
Players
team 1 (winner)
dirtmcwordup (
red | 161 APM | 3428 actions | 21:17)
5 Demon Hunter
3 Mana Burn
2 Evasion
4 Naga Sea Witch
2 Frost Arrows
2 Forked Lightning
» actions
| Assign group hotkey | 35 | |
| Basic commands | 49 | |
| Build / train | 70 | |
| ESC pressed | 2 | |
| Enter build submenu | 16 | |
| Enter hero's abilities submenu | 9 | |
| Give item / drop item | 4 | |
| Right click | 1550 | |
| Select / deselect | 392 | |
| Select group hotkey | 1217 | |
| Use ability | 84 | |
3428 total
» units
| Wisp | 19 | |
| Huntress | 4 | |
| Dryad | 13 | |
| Druid of the Claw | 6 | |
42 total
» upgrades
| Ultravision | 1 | |
| Druid of the Claw Training | 2 | |
| Abolish Magic | 1 | |
| Well Spring | 1 | |
| Strength of the Wild | 1 | |
| Mark of the Claw | 1 | |
7 total
» buildings
| Altar of Elders | 1 | |
| Moon Well | 5 | |
| Hunter's Hall | 1 | |
| Ancient of War | 2 | |
| Tree of Ages | 1 | |
| Ancient of Lore | 2 | |
| Ancient of Wonders | 2 | |
| Tree of Eternity | 1 | |
| Ancient Protector | 1 | |
| Tree of Life | 1 | |
17 total
» build order
00:03 Altar of Elders
00:18 Moon Well
01:43 Hunter's Hall
01:45 Ancient of War
01:54 Moon Well
02:39 Ancient of War
03:22 Tree of Ages
04:15 Moon Well
05:55 Ancient of Lore
05:59 Ancient of Lore
06:33 Moon Well
07:30 Ancient of Wonders
08:44 Tree of Eternity
10:25 Ancient Protector
10:28 Moon Well
12:56 Tree of Life
13:24 Ancient of Wonders
» items
| Staff of Preservation | 2 | |
| Potion of Healing | 1 | |
| Scroll of Town Portal | 1 | |
| Boots of Speed | 1 | |
| Claws of Attack +6 | 1 | |
| Gloves of Haste | 1 | |
| Orb of Venom | 1 | |
8 total
team 2 (loser)
ZeHgStEaM (
blue | 75 APM | 1600 actions | 21:17)
3 Priestess of the Moon
1 Trueshot Aura
2 Searing Arrows
3 Naga Sea Witch
2 Frost Arrows
1 Forked Lightning
» actions
| Assign group hotkey | 30 | |
| Build / train | 62 | |
| ESC pressed | 8 | |
| Enter build submenu | 18 | |
| Enter hero's abilities submenu | 6 | |
| Give item / drop item | 3 | |
| Remove unit from queue | 1 | |
| Right click | 699 | |
| Select / deselect | 499 | |
| Select group hotkey | 224 | |
| Use ability | 50 | |
1600 total
» units
| Wisp | 12 | |
| Huntress | 9 | |
| Glaive Thrower | 1 | |
| Dryad | 21 | |
| Chimaera | 1 | |
44 total
» upgrades
| Strength of the Wild | 3 | |
| Abolish Magic | 1 | |
| Druid of the Claw Training | 1 | |
5 total
» buildings
| Altar of Elders | 1 | |
| Moon Well | 5 | |
| Hunter's Hall | 1 | |
| Ancient of War | 5 | |
| Tree of Ages | 1 | |
| Ancient of Lore | 2 | |
| Tree of Eternity | 1 | |
| Ancient of Wonders | 1 | |
| Ancient of Wind | 1 | |
| Chimaera Roost | 1 | |
19 total
» build order
00:05 Altar of Elders
00:17 Moon Well
01:36 Hunter's Hall
01:42 Ancient of War
01:57 Moon Well
02:22 Ancient of War
02:48 Ancient of War
03:00 Ancient of War
03:15 Ancient of War
04:27 Moon Well
04:55 Tree of Ages
05:59 Moon Well
07:17 Ancient of Lore
07:36 Ancient of Lore
10:28 Tree of Eternity
10:41 Moon Well
12:24 Ancient of Wonders
16:51 Ancient of Wind
18:02 Chimaera Roost
» items
refereesVELOX_NEB,
mata.,
iggy_the_fisk Chat log
(00:02 / Referees) mata.: god
(00:04 / Referees) iggy_the_fisk: what a turn of events
(00:06 / Referees) mata.: timg always loses when he grudges for real
(00:07 / All) dirtmcwordup: are you ready to lose.
(00:14 / All) dirtmcwordup: ? ? ?
(00:16 / Referees) mata.: it's a little embarassing
(00:26 / All) ZeHgStEaM: from now on, you are back to my ignore list
(00:30 / All) dirtmcwordup: lmfao
(00:33 / Referees) iggy_the_fisk: so far so good!!!
(00:38 / All) ZeHgStEaM: and so is everyone in here
(00:43 / All) dirtmcwordup: ,,,
(00:53 / All) mata.: wtf.
(00:56 / Referees) VELOX_NEB: o noes
(00:57 / All) mata.: i'm all manner all the time
(01:01 / Referees) VELOX_NEB: ima be ignored
(01:21 / All) dirtmcwordup: lmfao
(01:23 / All) ZeHgStEaM: and i dont even care about the fact they are probably telling u everything i do
(01:27 / All) ZeHgStEaM: on vent or TS
(01:33 / All) dirtmcwordup: LMAO
(01:35 / Referees) mata.: why would we need to use freaking vent in a ref game
(01:41 / All) dirtmcwordup: sorry we not all dishonorable noopie like u
(01:48 / Referees) VELOX_NEB: are we telling him anything?
(01:54 / Referees) mata.: i'm not but if you wanna
(01:59 / Referees) VELOX_NEB: naw
(02:00 / Referees) mata.: tbqh it's just as funny when timg loses
(02:04 / All) ZeHgStEaM: oh yeah im sure of that lawl
(02:10 / All) dirtmcwordup: u may quit.
(02:22 / Referees) iggy_the_fisk: he'll know what's up in 10 seconds anyway!
(02:27 / All) VELOX_NEB: dirt, right, NO LEFT
(02:29 / Referees) mata.: did timbo scout
(02:39 / Referees) mata.: dubble hunt
(02:46 / Referees) mata.: and so does timg
(02:49 / Referees) mata.: except 10 seconds later
(03:04 / All) VELOX_NEB: dirt, he's SHOOTING YOU
(03:11 / Referees) mata.: will dh live thru this...
(03:18 / Referees) mata.: he doesnt have enough moonwells to heal up i think
(03:27 / Referees) mata.: cause he wasted a lot of mana on burning an aura first potm
(03:47 / Referees) VELOX_NEB: lol
(03:51 / Referees) mata.: damn
(03:52 / Referees) mata.: pro
(03:53 / Referees) iggy_the_fisk: detonate nub
(03:55 / Referees) VELOX_NEB: y
(04:01 / Referees) mata.: he was blocking the dh
(04:08 / Referees) VELOX_NEB: no, i meant yep
(04:10 / Referees) VELOX_NEB: i saw it
(04:15 / Referees) mata.: build more wells nubblet
(04:33 / Referees) VELOX_NEB: all ne think their dh is invincible
(04:43 / Referees) mata.: so do all other races
(04:50 / Referees) iggy_the_fisk: zehg so stuck on supply
(04:52 / Referees) mata.: lose a hunt
(04:56 / Referees) VELOX_NEB: lol
(04:57 / Referees) mata.: not anymore heh
(04:59 / Referees) iggy_the_fisk: not anymore i guess!!
(05:00 / Referees) iggy_the_fisk: fuck u
(05:18 / Referees) mata.: timg will know to get yad
(05:25 / Referees) mata.: and hopefully end this before blue can do same
(05:38 / Referees) mata.: i'm not sure
(05:41 / Referees) iggy_the_fisk: 1000 gold says yes
(05:50 / Referees) mata.: how much lum/gold you lose from cancelling
(05:57 / Referees) VELOX_NEB: 25%
(05:57 / Referees) mata.: does it matter how damaged the cancelled structure took
(06:09 / Referees) VELOX_NEB: don't think so
(06:10 / Referees) mata.: and how near completion it was
(06:22 / Referees) VELOX_NEB: it's straight 25%
(06:26 / Referees) mata.: icic
(06:37 / Referees) iggy_the_fisk: oookay
(06:38 / All) dirtmcwordup: gg
(06:40 / Referees) mata.: then timg did pretty well cancelling that noobs aow 3x
(06:51 / Referees) VELOX_NEB: tp
(07:01 / Referees) mata.: ff hero with switch
(07:14 / Referees) mata.: lores up, no wells
(07:17 / Referees) mata.: nm
(07:21 / Referees) mata.: got one going up
(07:54 / Referees) mata.: such a scrub game
(08:06 / Referees) mata.: lol
(08:07 / Referees) mata.: passed tp
(08:08 / Referees) VELOX_NEB: haha
(08:12 / Referees) mata.: l
(08:13 / Referees) mata.: o
(08:13 / Referees) mata.: l
(08:16 / Referees) iggy_the_fisk: perfect play
(08:28 / All) mata.: seawitch takes tp scroll to da grave
(08:41 / All) dirtmcwordup: lmfao
(08:45 / All) VELOX_NEB: most unfortunate
(08:51 / All) mata.: selfish bitch imho
(09:06 / Referees) iggy_the_fisk: glaive thrower this game rules
(09:15 / Referees) mata.: a heh
(09:25 / Referees) mata.: staff of save unit
(09:37 / All) VELOX_NEB: she dead
(09:39 / Referees) mata.: staff bitch home god
(10:16 / Referees) mata.: staff bear home too imho
(10:45 / Referees) mata.: wow
(10:47 / Referees) mata.: timg is getting cold feet
(10:50 / Referees) mata.: making ap in back
(11:13 / Referees) iggy_the_fisk: hurry glaive
(11:18 / Referees) mata.: can't be slowed
(11:21 / Referees) mata.: well naga can but not yad
(11:31 / Referees) iggy_the_fisk: trusty glaive
(11:34 / Referees) mata.: formless dotc ready to die
(11:51 / Referees) mata.: fuck was dat
(12:26 / Referees) mata.: can timg somehow lose this game
(12:29 / Referees) mata.: using advanced alchemy
(12:32 / Referees) VELOX_NEB: yep
(12:33 / Referees) mata.: turn a win into a loss
(12:42 / Referees) VELOX_NEB: here it comes
(12:50 / Referees) mata.: nah dh and wells
(13:07 / Referees) mata.: and bearform i mean really
(13:47 / Referees) iggy_the_fisk: kill a dryad
(13:54 / Referees) iggy_the_fisk: and then the other one go team
(14:22 / All) dirtmcwordup: lmfao
(14:57 / Referees) mata.: you know a good counter to yad
(15:00 / Referees) mata.: is actually archer
(15:15 / Referees) VELOX_NEB: one would think\
(15:45 / Referees) mata.: pretty good blocking
(15:56 / Referees) iggy_the_fisk: good switch i guess
(16:03 / All) dirtmcwordup: quit
(16:05 / Referees) VELOX_NEB: haha
(17:19 / Referees) VELOX_NEB: blue is being very productive
(17:24 / All) dirtmcwordup: lmfao
(17:24 / Referees) mata.: an aowind u say
(17:27 / Referees) VELOX_NEB: sitting in base with 20 yads
(17:38 / Referees) mata.: and timg is sitting outside base with a few bears
(17:48 / Referees) VELOX_NEB: creeping at least
(17:56 / Referees) mata.: here comes a fight
(18:02 / Referees) mata.: form your bears or you're gonna forget nooby
(18:13 / Referees) mata.: king scrub focuses the tangled
(18:15 / All) dirtmcwordup: gg
(18:26 / Referees) mata.: which is free
(18:28 / Referees) VELOX_NEB: hahahahaha
(18:32 / Referees) iggy_the_fisk: wow that was horrible
(18:41 / Referees) mata.: chim roosts, ladies and gentlemen
(18:45 / Referees) mata.: this is it
(18:55 / Referees) iggy_the_fisk: heavy air > bears obv
(18:57 / Referees) mata.: is this the fabled counter to bear ad
(18:58 / Referees) mata.: yad
(19:14 / Referees) VELOX_NEB: stupid counter if you ask me
(19:28 / All) iggy_the_fisk: dirts expansion is back up btw
(19:41 / All) dirtmcwordup: chims
(19:43 / All) dirtmcwordup: agaist yad
(19:44 / All) dirtmcwordup: lmao
(20:05 / All) dirtmcwordup: lmfao
(20:11 / Referees) VELOX_NEB: he'd better build some yad
(20:18 / Referees) VELOX_NEB: or not
(20:21 / Referees) VELOX_NEB: it's over
(20:23 / Referees) mata.: dh
(20:26 / Referees) mata.: has poison orb
(20:28 / Referees) mata.: so air is out of the question
(20:41 / All) dirtmcwordup: quit please
(20:48 / Referees) VELOX_NEB: fry the wisps
(20:59 / Referees) mata.: level 3 forked
(21:01 / Referees) mata.: instant wisp kill
(21:06 / Referees) VELOX_NEB: totally
(21:07 / Referees) mata.: level 2 just makes em red tho
(21:16 / All) ZeHgStEaM: gg i played so shitty rofl